AoeStats
← LMG_Leonardo

African Clearing

510426242Analyzed
3v3 RM · 20h ago on Oct 1, 2026· 31m 13s· 6 players
Game mode
Random Map
Map size
Normal (6 player)
Population
200
Speed
Normal
Resources
Standard
Victory
Conquest
Starting age
Dark Age
Ending age
Imperial Age
RankedLock teamsTeams togetherTeam positionsShared explorationLock speedFull tech treeHidden civsTurbo modeCheats
Victory
Defeat
🇲🇽 Jurchens · Mexico
1419
+15
🇧🇷 Huns · Brazil
1298
+20
🇨🇴 Mongols · Colombia
1222
+24
🇨🇴 Persians · Colombia
1410
-20
🇺🇸 Varangians · United States
1408
-20
🇨🇴 Huns · Colombia
1372
-19
Ansscar
7:46 Loom
14:58 Feudal Age
19:04 Castle Age
17:16 Horse Collar
18:19 Fletching
20:38 Padded Archer Armor
21:04 Double-Bit Axe
24:13 Gold Mining
24:55 Leather Archer Armor
27:57 Stone Mining
30:27 Gold Shaft Mining
Jackzedd
9:34 Loom
11:57 Feudal Age
12:32 Double-Bit Axe
14:27 Forging
24:12 Bloodlines
28:36 Castle Age
28:58 Scale Barding Armor
DarkSIde1405
11:03 Feudal Age
11:23 Loom
12:40 Bloodlines
17:05 Scale Barding Armor
23:58 Wheelbarrow
24:15 Forging
27:27 Castle Age
27:30 Gold Mining
28:07 Horse Collar
28:32 Husbandry
LMG_Leonardo
8:35 Loom
11:34 Feudal Age
12:43 Double-Bit Axe
15:25 Bloodlines
LMG_SON SABANDIJAS
6:30 Loom
12:43 Feudal Age
13:16 Double-Bit Axe
15:41 Horse Collar
17:12 Forging
17:17 Scale Barding Armor
23:27 Castle Age
22:45 Bloodlines
24:17 Husbandry
29:02 Wheelbarrow
LMG_HERA DE TEMU
5:06 Loom
12:26 Feudal Age
13:53 Double-Bit Axe
25:02 Castle Age
24:15 Fletching
24:38 Bloodlines
24:26 Gold Mining
26:24 Bodkin Arrow
26:54 Padded Archer Armor
26:57 Husbandry
27:39 Wheelbarrow
28:13 Town Watch
Connection lost

Rejoining the realm…

Still unreachable

The connection could not be restored.

Session expired

The server has moved on; the page needs a fresh start.